 Dungeon Crawl Stone Soup version 0.23-a0-296-ga3b1b28 (webtiles) character file.

96599 MisterFreud the Spry (level 16, -4/104 HPs)
             Began as a Kobold Berserker on Oct 4, 2018.
             Was a High Priest of Trog.
             Slain by a wolf spider (9 damage)
             ... on level 1 of the Spider Nest on Oct 5, 2018.
             The game lasted 01:35:39 (29008 turns).

MisterFreud the Spry (Kobold Berserker)            Turns: 29008, Time: 01:35:40

Health: -4/104     AC:  0    Str: 19    XL:     16   Next: 67%
Magic:  0/20       EV: 24    Int: 14    God:    Trog [*****.]
Gold:   1911       SH:  0    Dex: 16    Spells: 15/15 levels left

rFire    . . .     SeeInvis +   A - +2 rapier (protect)
rCold    . . .     Gourm    .   (shield restricted)
rNeg     + + +     Faith    +   q - +1 scale mail of Distant Shores {-Cast rN++ Int+3 Slay+2}
rPois    +         Spirit   +   m - +3 crown of Dyrovepreva {rElec Int+2 SInv}
rElec    +         Reflect  .   S - scarf {Spirit}
rCorr    .         Harm     .   (no gloves)
MR       +....     NoCast   +   F - +2 pair of boots {run}
Stlth    ++++......             s - amulet of faith
HPRegen  0.27/turn              n - ring of positive energy
MPRegen  0.17/turn              J - ring of poison resistance

@: corroded, protection aura, berserk cooldown, slowed, very slow
A: small, carnivore
a: Berserk, Trog's Hand, Brothers in Arms, Renounce Religion


You were on level 1 of the Spider Nest.
You worshipped Trog.
Trog was extremely pleased with you.
You were full.

You visited 4 branches of the dungeon, and saw 24 of its levels.
You visited the Abyss 1 time.

You collected 2817 gold pieces.
You spent 906 gold pieces at shops.

Inventory:

Hand Weapons
 d - a +3 arbalest of velocity
 A - a +2 rapier of protection (weapon)
Missiles
 h - 21 curare-tipped needles
 w - 54 poisoned needles
 E - 83 bolts
 G - 20 sling bullets
 Q - 12 needles of sleeping
 Z - 2 throwing nets (quivered)
Armour
 m - the +3 crown of Dyrovepreva (worn) {rElec Int+2 SInv}
   (You bought it in a shop on level 12 of the Dungeon)

   It affects your intelligence (+2).
   It insulates you from electricity.
   It lets you see invisible.
 q - the +1 scale mail of Distant Shores (worn) {-Cast rN++ Int+3 Slay+2}
   (You bought it in a shop on level 12 of the Dungeon)

   It affects your intelligence (+3).
   It affects your accuracy and damage with ranged weapons and melee attacks
   (+2).
   It greatly protects you from negative energy.
   It prevents spellcasting.
 F - a +2 pair of boots of running (worn)
 R - the +9 scales of the Dragon King {rPois rF+ rC+ MR+}
   (You found it on level 11 of the Dungeon)

   It protects you from fire.
   It protects you from cold.
   It protects you from poison.
   It affects your resistance to hostile enchantments.
 S - a scarf of spirit shield (worn)
Jewellery
 g - an uncursed amulet of the acrobat {unknown}
 l - an uncursed ring of see invisible
 n - a ring of positive energy (left hand)
 s - an amulet of faith (around neck)
 t - a +2 amulet of reflection {unknown}
 C - an uncursed amulet of guardian spirit
 J - a ring of poison resistance (right hand)
 U - an uncursed ring of positive energy
 V - an uncursed amulet of regeneration {unknown}
Wands
 b - a wand of disintegration (32)
 z - a wand of random effects (19)
 H - a wand of paralysis (10)
 K - a wand of flame (14)
 M - a wand of polymorph (37)
 O - a wand of clouds (5)
Scrolls
 j - 6 scrolls of teleportation
 k - 6 scrolls of enchant armour
 y - 6 scrolls of remove curse
 T - 2 scrolls of magic mapping
Potions
 a - a potion of ambrosia {unknown}
 e - a potion of cancellation
 f - 6 potions of curing
 i - 2 potions of heal wounds {unknown}
 o - 2 potions of brilliance
 p - 2 potions of might
 r - 4 potions of flight
 u - 2 potions of lignification
 v - 2 potions of resistance
 x - 2 potions of mutation
 L - 2 potions of agility
 N - a potion of invisibility
 P - 2 potions of berserk rage
 Y - 2 potions of haste
Miscellaneous
 B - a crystal ball of energy
 I - a phantom mirror
Comestibles
 c - 45 rations


   Skills:
 + Level 13.3 Fighting
 - Level 14.0 Short Blades
 + Level 1.8 Crossbows
 * Level 13.5 Armour
 - Level 16.0 Dodging
 - Level 12.0 Stealth
 - Level 6.0 Evocations


You had 15 spell levels left.
You didn't know any spells.
Your spell library was empty.

Dungeon Overview and Level Annotations

Branches:
Dungeon (15/15)            Temple (0/1) D:4            Lair (6/6) D:8
  Swamp (0/4) Lair:2       Spider (1/4) Lair:4        Slime (0/5) Lair:5
    Orc (2/2) D:12         Vaults (0/5) D:13
    Elf: Orc:2       Depths: D:15

Altars:
Cheibriados
Dithmenos
Gozag
Hepliaklqana
Makhleb
Trog
Wu Jian
Yredelemnul
Zin
The Shining One

Shops:
D:12 ([

Portals:
Hell: Lair:6

Annotations:
D:15 1 runed door
Lair:5 exclusion: oklob plant


Innate Abilities, Weirdness & Mutations

You are small and have problems with some larger weapons.
You are carnivorous and can eat meat at any time.


Message History

You completely miss the entropy weaver.
The entropy weaver is severely wounded.
The entropy weaver hits you!
* * * LOW HITPOINT WARNING * * *
The entropy weaver closely misses you. The entropy weaver hits you!
* * * LOW HITPOINT WARNING * * *
The entropy weaver completely misses you.
The redback closely misses you.
Okay, then.
You feel a strong urge to attack something.
You are no longer berserk.
You are exhausted.
You feel yourself slow down. The entropy weaver closely misses you.
The entropy weaver completely misses you.
The entropy weaver closely misses you. The entropy weaver hits you.
* * * LOW HITPOINT WARNING * * *
The wolf spider hits you.
* * * LOW HITPOINT WARNING * * *
The wolf spider bites you!
You die...

..#####..................
.## ##..................
## #.....#...†.....#...
##.............#.^.#
##.............#.##
#.##..^......####
#####........# #...#s..##
#####@s..# #.a.## ##.##
###


You could see an entropy weaver, a wolf spider and a redback.

Vanquished Creatures
  An Executioner (Abyss:2)
  A tentacled starspawn (Abyss:2)
  Gastronok (D:8)
  An emperor scorpion (Spider:1)
  A fire dragon (Lair:6)
  Erolcha (D:9)
  10 hydras
  A rakshasa (D:14)
  2 two-headed ogres
  A hell beast (Lair:6)
  An anaconda (shapeshifter) (D:13)
  A catoblepas (Lair:5)
  A centaur warrior (D:14)
  Erica (D:10)
  A thrashing horror (Abyss:2)
  7 death yaks
  An unseen horror (D:14)
  A wizard (Lair:6)
  A lindwurm (D:13)
  An orc knight (D:14)
  2 deep elf magi
  An orb spider (Spider:1)
  8 wolf spiders
  An orb spider (shapeshifter) (D:14)
  A cyclops (D:11)
  5 ugly things
  An oklob plant (Lair:1)
  A worldbinder (Abyss:3)
  2 torpor snails
  9 black mambas
  A centaur zombie (D:12)
  4 orange demons (Lair:6)
  A water nymph (Abyss:3)
  5 large abominations
  3 smoke demons
  A centaur skeleton (D:14)
  11 spiny frogs
  An efreet (D:14)
  8 komodo dragons
  15 rime drakes (Lair:6)
  3 demonic crawlers
  2 red devils (Lair:6)
  A polar bear (Lair:6)
  2 ancient zymes
  6 trolls
  2 jumping spiders
  2 hornets
  5 slime creatures (D:14)
  5 dream sheep
  A meliai zombie (D:14)
  2 raiju (Abyss:2)
  5 bog bodies (Lair:2)
  11 blink frogs
  6 hippogriffs
  A ynoxinul (Abyss:2)
  10 redbacks
  A shadow (D:15)
  Sigmund (D:4)
  Eustachio (D:4)
  A wraith (D:9)
  20 yaks
  2 wyverns
  7 tarantellas (Spider:1)
  2 basilisks
  Grum (D:8)
  10 steam dragons
  4 hungry ghosts
  A chaos spawn (Abyss:3)
  7 vampire mosquitoes
  2 small abominations
  4 insubstantial wisps (Abyss:2)
  A water moccasin (shapeshifter) (D:13)
  An acid dragon (D:13)
  3 hell hounds (Lair:6)
  11 water moccasins
  A soldier ant (D:12)
  15 porcupines
  3 black bears
  12 orc warriors
  3 ice beasts
  6 sky beasts
  4 phantoms
  2 eyes of draining
  7 ogres
  7 wolves
  3 necrophages
  2 centaurs
  19 crocodiles
  18 bullfrogs
  6 big kobolds
  A gnoll sergeant (D:9)
  A wyvern zombie (D:13)
  A water moccasin skeleton (D:7)
  3 scorpions
  10 wights
  18 killer bees
  An electric eel (Lair:2)
  6 howler monkeys
  5 crimson imps
  6 bullfrog zombies
  A quasit (D:8)
  2 starcursed masses (Abyss:2)
  15 jellies
  Crazy Yiuf (D:2)
  11 orc priests
  10 hounds
  11 orc wizards
  A bullfrog skeleton (D:8)
  4 iguanas
  7 worker ants
  A hound skeleton (D:6)
  A howler monkey zombie (D:6)
  A worker ant zombie (D:9)
  16 adders
  6 gnolls
  A river rat (Lair:1)
  3 shadow imps (D:10)
  19 oozes
  3 worms
  A dart slug (D:1)
  8 leopard geckos
  48 orcs
  11 bats
  2 giant cockroaches
  13 goblins
  9 hobgoblins
  10 jackals
  8 quokkas
  A ball python (D:3)
  5 frilled lizards
  28 kobolds
  A leopard gecko zombie (D:6)
  7 rats
687 creatures vanquished.

Vanquished Creatures (collateral kills)
  A tentacled starspawn (Abyss:3)
1 creature vanquished.

Vanquished Creatures (others)
  A water moccasin (Lair:5)
  28 fungi
  11 plants
  4 starspawn tentacles
44 creatures vanquished.

Grand Total: 732 creatures vanquished

Notes
Turn   | Place    | Note
-------+----------+-------------------------------------------
     0 | D:1      | MisterFreud the Kobold Berserker began the quest for the
                  | Orb.
     0 | D:1      | Reached XP level 1. HP: 14/14 MP: 1/1
    74 | D:1      | Reached skill level 1 in Stealth
   131 | D:1      | Reached XP level 2. HP: 19/19 MP: 2/2
   389 | D:1      | Reached XP level 3. HP: 15/23 MP: 3/3
   708 | D:1      | Reached skill level 5 in Short Blades
  1094 | D:2      | Reached ** piety under Trog
  1094 | D:2      | Reached XP level 4. HP: 21/28 MP: 4/4
  1169 | D:2      | Found a runed door.
  1806 | D:2      | Noticed Crazy Yiuf
  1814 | D:2      | Killed Crazy Yiuf
  1814 | D:2      | Reached XP level 5. HP: 10/32 MP: 5/5
  2090 | D:3      | Reached skill level 5 in Stealth
  2473 | D:3      | Found a burning altar of Makhleb.
  2488 | D:3      | Reached XP level 6. HP: 17/37 MP: 6/6
  2829 | D:4      | Noticed Eustachio
  2839 | D:4      | Killed Eustachio
  2839 | D:4      | Reached XP level 7. HP: 41/41 MP: 7/7
  2919 | D:4      | Found a staircase to the Ecumenical Temple.
  3057 | D:4      | Noticed Sigmund
  3132 | D:4      | Found an ornate altar of the Wu Jian Council.
  3248 | D:4      | Killed Sigmund
  3278 | D:4      | Found a basalt altar of Yredelemnul.
  3317 | D:4      | Found a glowing golden altar of the Shining One.
  3458 | D:4      | Noticed an angel
  3500 | D:5      | Entered Level 5 of the Dungeon
  3526 | D:5      | Reached skill level 10 in Short Blades
  3526 | D:5      | Reached XP level 8. HP: 21/46 MP: 8/8
  4415 | D:6      | Reached *** piety under Trog
  4644 | D:6      | Found a shadowy altar of Dithmenos.
  4839 | D:6      | Reached XP level 9. HP: 47/51 MP: 9/9
  5278 | D:6      | Found a bloodstained altar of Trog.
  5386 | D:7      | Noticed a hippogriff
  5400 | D:6      | Killed a hippogriff
  5886 | D:7      | Reached skill level 1 in Evocations
  5985 | D:7      | Reached skill level 3 in Dodging
  6281 | D:6      | Reached skill level 4 in Dodging
  6535 | D:7      | Reached XP level 10. HP: 56/56 MP: 12/12
  6654 | D:8      | Reached skill level 5 in Dodging
  6780 | D:8      | Reached skill level 5 in Evocations
  6858 | D:8      | Reached skill level 6 in Dodging
  6866 | D:8      | Found a staircase to the Lair.
  6884 | D:8      | Reached **** piety under Trog
  7110 | D:8      | Noticed Grum
  7120 | D:8      | Killed Grum
  7120 | D:8      | Reached skill level 7 in Dodging
  7192 | D:8      | Reached skill level 8 in Dodging
  7320 | D:8      | Noticed Gastronok
  7350 | D:8      | Killed Gastronok
  7350 | D:8      | Reached skill level 5 in Fighting
  7350 | D:8      | Reached skill level 9 in Dodging
  7350 | D:8      | Reached XP level 11. HP: 60/64 MP: 15/15
  7727 | D:9      | Reached skill level 10 in Dodging
  7761 | D:9      | Reached ***** piety under Trog
  7864 | D:9      | Found a snail-covered altar of Cheibriados.
  7864 | D:9      | Found a hazy altar of Hepliaklqana.
  7886 | D:9      | Noticed Erolcha
  7943 | D:9      | Killed Erolcha
  8486 | D:9      | Reached skill level 5 in Armour
  8520 | D:9      | Found an opulent altar of Gozag.
  8520 | D:9      | Found a glowing silver altar of Zin.
  8841 | D:10     | Entered Level 10 of the Dungeon
  9044 | D:10     | Noticed Erica
  9059 | D:10     | Killed Erica
 10166 | D:11     | Received a gift from Trog
 10285 | Lair:1   | Entered Level 1 of the Lair of Beasts
 10346 | Lair:1   | Reached XP level 12. HP: 52/71 MP: 16/16
 10398 | Lair:1   | Upgraded the game from 0.23-a0-295-g2e428d4 to
                  | 0.23-a0-296-ga3b1b28
 10467 | Lair:1   | Reached skill level 12 in Dodging
 10467 | Lair:1   | Reached XP level 13. HP: 51/81 MP: 17/17
 10503 | Lair:1   | Reached skill level 10 in Fighting
 10632 | Lair:1   | Noticed a four-headed hydra
 10640 | Lair:1   | Killed a four-headed hydra
 10640 | Lair:1   | Reached skill level 10 in Stealth
 11635 | Lair:2   | Noticed a four-headed hydra
 11648 | Lair:2   | Killed a four-headed hydra
 11832 | Lair:2   | Got a jewelled ring mail
 11843 | Lair:2   | Identified the +2 ring mail of Dawn {rPois rF+ Int-3} (You
                  | found it on level 2 of the Lair of Beasts)
 12826 | Lair:2   | Found a staircase to the Swamp.
 13329 | Lair:3   | Reached skill level 13 in Dodging
 14833 | Lair:4   | Noticed a five-headed hydra
 14845 | Lair:4   | Killed a five-headed hydra
 14942 | Lair:4   | Reached XP level 14. HP: 82/89 MP: 18/18
 15217 | Lair:4   | Found a hole to the Spider Nest.
 15934 | Lair:5   | Received a gift from Trog
 16350 | Lair:5   | Found a staircase to the Slime Pits.
 17167 | Lair:6   | Entered Level 6 of the Lair of Beasts
 17333 | Lair:6   | Reached skill level 14 in Dodging
 17518 | Lair:6   | Identified a +2 pair of boots of running (You found it on
                  | level 6 of the Lair of Beasts)
 17783 | Lair:6   | Found a burning altar of Makhleb.
 18767 | Lair:6   | Reached skill level 15 in Dodging
 19283 | Lair:6   | Reached XP level 15. HP: 96/96 MP: 19/19
 19800 | Lair:6   | Reached skill level 10 in Armour
 20046 | Lair:6   | Reached skill level 16 in Dodging
 20686 | Lair:6   | Received a gift from Trog
 20839 | Lair:6   | Found a gateway to Hell.
 21144 | D:11     | Paralysed by an orc for 3 turns
 21658 | D:11     | Found the +9 scales of the Dragon King {rPois rF+ rC+ MR+}
 22378 | D:12     | Found a staircase to the Orcish Mines.
 22378 | D:12     | Found Nill's Weapon Shoppe.
 22378 | D:12     | Found Geiruvug's Armour Shoppe.
 22401 | D:12     | Bought the +3 crown of Dyrovepreva {rElec Int+2 SInv} for
                  | 496 gold pieces
 22401 | D:12     | Found the +3 crown of Dyrovepreva {rElec Int+2 SInv}
 23463 | D:13     | Reached ****** piety under Trog
 23672 | D:13     | Found a gate to the Vaults.
 23964 | D:13     | Received a gift from Trog
 25146 | D:15     | Entered Level 15 of the Dungeon
 25146 | D:15     | Found a runed door.
 25185 | D:15     | Reached XP level 16. HP: 104/104 MP: 20/20
 25194 | D:15     | Cast into level 2 of the Abyss (hell knight)
 25226 | Abyss:2  | Found a runed door.
 25415 | Abyss:2  | Noticed an Executioner
 25433 | Abyss:2  | Noticed a bone dragon
 25434 | Abyss:2  | Killed an Executioner
 25604 | Abyss:2  | Noticed a tentacled starspawn
 25620 | Abyss:2  | Killed a tentacled starspawn
 25691 | Abyss:3  | Found a corrupted altar of Lugonu.
 25766 | Abyss:3  | Received a gift from Trog
 25780 | Abyss:3  | Found a corrupted altar of Lugonu.
 25884 | Abyss:3  | Noticed a tentacled starspawn
 25897 | Abyss:3  | Killed a tentacled starspawn
 25900 | D:15     | Escaped the Abyss
 26002 | Orc:1    | Entered Level 1 of the Orcish Mines
 26095 | Orc:1    | Identified a scroll of acquirement
 26112 | Orc:1    | Received a gift from Trog
 26117 | Orc:1    | Found a bloodstained altar of Trog.
 26394 | Orc:2    | Entered Level 2 of the Orcish Mines
 26907 | Spider:1 | Entered Level 1 of the Spider Nest
 27302 | D:12     | Bought the +1 scale mail of Distant Shores {-Cast rN++
                  | Int+3 Slay+2} for 410 gold pieces
 28564 | Spider:1 | Reached skill level 1 in Crossbows
 29008 | Spider:1 | HP: 5/104 [wolf spider (1)]
 29008 | Spider:1 | Slain by a wolf spider

Vault maps used:
D:1:      dpeg_arrival_arbitrary_b, serial_bayou_pond_d
D:2:      uniq_crazy_yiuf_cottage
D:3:      makhleb_heckhound_becter
D:4:      grunt_temple_overflow_holy_war, nicolae_overflow_hidden_temple,
          temple_pool_b, uniq_sigmund, uniq_eustachio
D:5:      first_ration
D:6:      lemuel_coloured_pillars_altar, nrook_uturn,
          hangedman_abyss_or_decor_lesser_grid, minmay_liquid_box,
          nicolae_dithmenos_the_darkroom
D:7:      grunt_ogre_cave, kennysheep_small_circle
D:8:      lair_entry_dummy, uniq_gastronok, uniq_grum
D:9:      grunt_temple_overflow_gold_and_silver, gammafunk_temple_overflow_wave,
          serial_glass, glass_columns_a, glass_columns_a, minmay_pinched_square,
          uniq_erolcha
D:10:     uniq_erica
D:12:     orc_david_3
D:13:     david_vaults_4
D:14:     minmay_misc_feat_nine_boxes, hangedman_corner_corridor
D:15:     hangedman_depths_entry_civil_slaughter, skrybe_limestone_x,
          lightli_church_of_beogh
Lair:1:   lemuel_slime, grunt_forest_stairs_basic, lemuel_fruit_tree
Lair:2:   nicolae_swamp_entry_splash_gauntlet, grunt_megastairs_3
Lair:3:   beast_lair_carwin_7, lemuel_fruit_fields
Lair:4:   spider_nest_entry_rubble, lab_entry_generic
Lair:5:   nicolae_slime_entry_slimehenge, minmay_holes,
          infiniplex_staircase_pool_2
Lair:6:   evil_forest, bobbens_dragon_lair_wall
Spider:1: nicolae_spider_hall_of_the_moth_king, hive_lemuel
Orc:1:    trog_hazing_becter
Orc:2:    grunt_orc_gardens, grunt_orc_garden, grunt_orc_garden,
          grunt_orc_garden, grunt_orc_garden, enter_volcano_2
Abyss:2:  evilmike_abyss_exit_16
Abyss:3:  evilmike_abyss_exit_8

Skill      XL: |  1  2  3  4  5  6  7  8  9 10 11 12 13 14 15 16 |
---------------+-------------------------------------------------+-----
Stealth        | 1 2 3 4 5 6 7 8 9 12 | 12.0
Short Blades   | 5 6 7 10 12 14 | 14.0
Evocations     | 3 6 |  6.0
Dodging        | 4 9 10 12 13 15 16 | 16.0
Fighting       | 5 7 9 11 12 13 | 13.3
Armour         | 6 7 9 11 13 | 13.5
Crossbows      | 1 |  1.8

Action                   |  1- 3 |  4- 6 |  7- 9 | 10-12 | 13-15 | 16-18 || total
-------------------------+-------+-------+-------+-------+-------+-------++-------
Melee: Short sword       |   116 |   154 |       |       |       |       ||   270
       Rapier            |       |       |   269 |   549 |  1956 |   778 ||  3552
Throw: Stone             |       |       |     2 |     3 |     2 |       ||     7
       Throwing net      |       |       |       |       |     1 |       ||     1
Invok: Berserk           |       |     5 |     4 |     6 |    23 |     6 ||    44
       Trog's Hand       |       |     4 |     7 |     8 |    28 |    15 ||    62
       Brothers in Arms  |       |       |       |       |       |     1 ||     1
Evoke: Wand              |       |       |       |       |     2 |       ||     2
  Use: Scroll            |       |     4 |     6 |    14 |    11 |     7 ||    42
       Potion            |       |     2 |       |     1 |     1 |     2 ||     6
 Stab: Sleeping          |     6 |     8 |    17 |    17 |    23 |     1 ||    72
       Distracted        |       |       |       |     1 |     1 |       ||     2
       Held in net/web   |       |       |       |       |     1 |       ||     1
  Eat: Chunk             |     9 |    11 |    18 |    27 |    88 |    19 ||   172
       Ration            |       |       |       |       |       |     5 ||     5
Armor: Animal skin       |     8 |    19 |    33 |    29 |     2 |       ||    91
       Ring mail         |       |       |       |       |   164 |       ||   164
       Gold dragon scale |       |       |       |       |   260 |   250 ||   510
       Scale mail        |       |       |       |       |       |   109 ||   109
Dodge: Dodged            |    68 |   111 |   166 |   365 |  1186 |   615 ||  2511

Table legend:
 A = Non-vault XP
 B = Vault XP
 C = Vault XP percentage of total XP
 D = Non-vault monster count
 E = Vault monster count
 F = Vault count percentage of total count
                 A         B        C        D         E       F
            +---------+---------+-------+---------+---------+-------
      Total |   87262 |   38765 |  30.8 |     531 |     157 |  22.8
            +---------+---------+-------+---------+---------+-------
        D:1 |      56 |       0 |   0.0 |      30 |       0 |   0.0
        D:2 |     127 |      41 |  24.4 |      27 |       1 |   3.6
        D:3 |      42 |      40 |  48.8 |      15 |       1 |   6.2
        D:4 |     278 |     423 |  60.3 |      11 |       2 |  15.4
        D:5 |     610 |       0 |   0.0 |       9 |       0 |   0.0
        D:6 |    1043 |       0 |   0.0 |      19 |       0 |   0.0
        D:7 |    1182 |     171 |  12.6 |      25 |       3 |  10.7
        D:8 |    2002 |    2756 |  57.9 |      40 |       6 |  13.0
        D:9 |    1291 |    1936 |  60.0 |      27 |      12 |  30.8
       D:10 |    1301 |     902 |  40.9 |      26 |       1 |   3.7
       D:11 |    3116 |       3 |   0.1 |      38 |       1 |   2.6
       D:12 |    5604 |     135 |   2.4 |      43 |       3 |   6.5
       D:13 |    3307 |    1699 |  33.9 |      16 |       3 |  15.8
       D:14 |    4764 |    4200 |  46.9 |      16 |       8 |  33.3
       D:15 |     798 |     905 |  53.1 |       2 |       1 |  33.3
     Lair:1 |    3283 |     858 |  20.7 |      11 |      22 |  66.7
     Lair:2 |    4466 |    2760 |  38.2 |      18 |      12 |  40.0
     Lair:3 |    4107 |    1602 |  28.1 |      14 |      11 |  44.0
     Lair:4 |    6540 |     702 |   9.7 |      21 |       2 |   8.7
     Lair:5 |    9240 |    1507 |  14.0 |      24 |       9 |  27.3
     Lair:6 |   11469 |   14947 |  56.6 |      35 |      44 |  55.7
   Spider:1 |    7287 |    2408 |  24.8 |      21 |       6 |  22.2
      Orc:1 |     786 |     146 |  15.7 |      12 |       7 |  36.8
      Orc:2 |     121 |       0 |   0.0 |       5 |       0 |   0.0
    Abyss:2 |   10543 |       0 |   0.0 |      18 |       0 |   0.0
    Abyss:3 |    3899 |     624 |  13.8 |       8 |       2 |  20.0
            +---------+---------+-------+---------+---------+-------
